 Dungeon Crawl Stone Soup version 0.16.1-25-gbcee3f8 (webtiles) character file.

2690 Doombird the Grappler (level 9, -7/89 HPs)
             Began as a Troll Berserker on May 22, 2015.
             Was an Elder of Trog.
             Mangled by a centaur (8 damage)
             ... on level 8 of the Dungeon.
             The game lasted 00:31:26 (4934 turns).

Doombird the Grappler (Troll Berserker)             Turns: 4934, Time: 00:31:26

Health: -7/89      AC:  7    Str: 30    XL:     9   Next: 38%
Magic:  4/4        EV: 11    Int:  3    God:    Trog [****..]
Gold:   184        SH:  0    Dex:  9    Spells: 0 memorised, 8 levels left

rFire  . . .     SeeInvis .       - Unarmed
rCold  . . .     Clarity  .     b - +0 animal skin
rNeg   + . .     SustAb   .     (shield restricted)
rPois  .         Gourm    +     (helmet restricted)
rElec  .         Spirit   .     j - +1 cloak
rCorr  .         Warding  .     (gloves unavailable)
rMut   .         Stasis   .     (boots unavailable)
MR     .....                    (no amulet)
Stlth  +.........               (no ring)
                                m - ring of positive energy (curse)

@: not resistant to hostile enchantments, very unstealthy
A: unfitting armour, claws 3, fast metabolism 3, gourmand, regeneration 2,
shaggy fur 1, tough skin 2
a: Burn Spellbooks, Berserk, Trog's Hand, Brothers in Arms, Renounce Religion


You were on level 8 of the Dungeon.
You worshipped Trog.
Trog was greatly pleased with you.
You were not hungry.

You visited 1 branch of the dungeon, and saw 8 of its levels.

You collected 184 gold pieces.

Inventory:

Hand weapons
 x - a +0 short sword
Missiles
 y - 9 poisoned needles
Armour
 b - a +0 animal skin (worn)
 j - a +1 cloak (worn)
 B - a +0 robe
Jewellery
 m - a cursed ring of positive energy (left claw)
Magical devices
 v - a wand of magic darts (0)
Scrolls
 c - 5 scrolls of identify
 d - 4 scrolls of remove curse
 i - a scroll of recharging
 n - a scroll of immolation {unknown}
 s - a scroll of silence {unknown}
 u - 3 scrolls of noise {unknown}
Potions
 e - 2 potions of curing {unknown}
 f - 2 potions of heal wounds {unknown}
 h - a potion of invisibility {unknown}
 l - 3 potions of cancellation {unknown}
 o - 2 potions of beneficial mutation {unknown}
 r - a potion of flight {unknown}
 w - a potion of lignification {unknown}
 z - a potion of brilliance {unknown}
Books
 q - a Young Poisoner's Handbook

   Spells                             Type                      Level
   a - Sting                          Conjuration/Poison           1
   b - Cure Poison                    Poison                       2
   c - Mephitic Cloud                 Conjuration/Poison/Air       3
   d - Olgreb's Toxic Radiance        Poison                       4
   e - Venom Bolt                     Conjuration/Poison           5
   Trog disapproves of the use of such an item.
Comestibles
 a - 6 meat rations
 g - 2 beef jerkies
 k - 7 fruits
 p - 2 bread rations
 t - a slice of pizza
 A - a chunk of flesh


   Skills:
 + Level 6.0 Fighting
 + Level 1.8 Armour
 + Level 6.0 Dodging
 + Level 2.1 Stealth
 + Level 8.4 Unarmed Combat


You had 8 spell levels left.
You didn't know any spells.

Dungeon Overview and Level Annotations

Branches:
Dungeon (8/15)             Temple (0/1) D:4
   Lair: D:8-11

Altars:
Cheibriados
Dithmenos
Elyvilon
Kikubaaqudgha
Makhleb
Qazlal
Ru
Trog
Vehumet


Innate Abilities, Weirdness & Mutations

You are too large for most types of armour.
You have claws for hands.
Your metabolism is lightning-fast.
You like to eat raw meat.
You heal very quickly.
You are covered in fur (AC +1).
You have very tough skin (AC +2).


Message History

The centaur hits you but does no damage.
The water moccasin bites you.
* * * LOW HITPOINT WARNING * * *
You barely miss the water moccasin.
The water moccasin is heavily wounded.
The centaur barely misses you. The water moccasin bites you.
* * * LOW HITPOINT WARNING * * *
The centaur barely misses you.
You mangle the water moccasin!!
You kill the water moccasin!
Trog accepts your kill.
Your Dodging skill increases to level 6!
The centaur hits you.
* * * LOW HITPOINT WARNING * * *
You claw the hound!
The hound begins to bleed from its wounds!
The hound is severely wounded.
The hound bites you but does no damage. The quokka closely misses you.
The centaur hits you!
You die...

#.##'###'#####
#....###..#
######.........+
##....##........#
#......(........#
#......#........#
#####.##.###..##..## .#
#..##.##.###..##..###..#
#.....#......@h..........
#.....#......rc.(........
#.....'....)..(.(..<.....
#..##.######)###5###.####
##+##.# #.# #.# #
>...'...)+ ...
.....#....# ....
zā‰ˆ###a####'###.###
..ā‰ˆ .# ..# #.#


You could see a centaur, a hound (bleeding), a shadow imp and a quokka.

Vanquished Creatures
  The ghost of DankBuddha the Magician, an average DEFE of Vehumet (D:5)
  A water moccasin (D:8)
  The ghost of DankBuddha the Covered, an average TeBe of Trog (D:4)
  2 eyes of draining (D:5)
  2 orc warriors (D:8)
  A sky beast (D:6)
  An ogre (D:5)
  3 centaurs
  An ice beast (D:7)
  A giant frog (D:6)
  A wyvern zombie (D:6)
  3 scorpions
  A wight (D:8)
  4 crimson imps
  A giant frog zombie (D:5)
  A centaur zombie (D:6)
  2 hounds
  A giant frog skeleton (D:6)
  A gnoll shaman (D:5)
  A jelly (D:5)
  5 orc wizards
  3 iguanas
  A centaur skeleton (D:8)
  6 orc priests
  6 worker ants
  A hound skeleton (D:4)
  A mummy (D:6)
  9 gnolls (D:5)
  A worker ant zombie (D:6)
  6 adders
  4 worms
  2 adder skeletons
  7 giant geckos
  An ooze (D:3)
  27 orcs
  7 bats
  A bat skeleton (D:4)
  4 giant cockroaches
  9 goblins
  7 hobgoblins
  6 jackals
  11 kobolds
  2 giant gecko skeletons
  6 giant newts
  2 quokkas
  10 rats
175 creatures vanquished.

Vanquished Creatures (others)
  An orc wizard (D:4)
  A worker ant (D:8)
  An orc (D:8)
  2 giant spores
  A rat (D:8)
6 creatures vanquished.

Grand Total: 181 creatures vanquished

Notes
Turn   | Place    | Note
--------------------------------------------------------------
     0 | D:1      | Doombird, the Troll Berserker, began the quest for the Orb.
     0 | D:1      | Reached XP level 1. HP: 22/22 MP: 1/1
   346 | D:1      | Reached XP level 2. HP: 29/29 MP: 1/1
   871 | D:2      | Reached XP level 3. HP: 31/36 MP: 2/2
  1043 | D:2      | Acquired Trog's second power
  1578 | D:3      | Reached XP level 4. HP: 32/45 MP: 2/2
  1921 | D:3      | Reached skill level 4 in Unarmed Combat
  2102 | D:4      | Noticed DankBuddha's ghost (average TeBe)
  2113 | D:4      | Killed DankBuddha's ghost
  2113 | D:4      | Reached XP level 5. HP: 24/53 MP: 2/2
  2317 | D:4      | Reached skill level 5 in Unarmed Combat
  2317 | D:4      | Reached XP level 6. HP: 40/61 MP: 3/3
  2351 | D:4      | Reached skill level 1 in Stealth
  2543 | D:4      | Found a staircase to the Ecumenical Temple.
  2875 | D:4      | Reached XP level 7. HP: 70/70 MP: 3/3
  3239 | D:5      | Entered Level 5 of the Dungeon
  3401 | D:5      | Noticed DankBuddha's ghost (average DEFE)
  3415 | D:5      | Killed DankBuddha's ghost
  3415 | D:5      | Reached skill level 6 in Unarmed Combat
  3561 | D:5      | Acquired Trog's third power
  3591 | D:5      | Reached XP level 8. HP: 75/79 MP: 3/3
  3923 | D:5      | Found a bloodstained altar of Trog.
  3951 | D:5      | Reached skill level 5 in Fighting
  4052 | D:5      | Found a sacrificial altar of Ru.
  4073 | D:6      | Reached skill level 7 in Unarmed Combat
  4159 | D:6      | Reached skill level 5 in Dodging
  4327 | D:6      | Found a shadowy altar of Dithmenos.
  4327 | D:6      | Found a snail-covered altar of Cheibriados.
  4327 | D:6      | Found an ancient bone altar of Kikubaaqudgha.
  4509 | D:6      | Reached XP level 9. HP: 86/89 MP: 4/4
  4545 | D:6      | Found a stormy altar of Qazlal.
  4614 | D:6      | Found a burning altar of Makhleb.
  4614 | D:6      | Found a radiant altar of Vehumet.
  4684 | D:6      | Reached skill level 8 in Unarmed Combat
  4789 | D:7      | Found a white marble altar of Elyvilon.
  4933 | D:8      | HP: 1/89 [centaur (5)]
  4934 | D:8      | Mangled by a centaur

Action                   |  1- 3 |  4- 6 |  7- 9 || total
-------------------------+-------+-------+-------++-------
Melee: Unarmed           |    96 |   158 |   307 ||   561
Invok: Berserk           |       |       |     4 ||     4
  Use: Scroll            |       |     5 |     1 ||     6
  Eat: Chunk             |    12 |    17 |    19 ||    48
